 Dungeon Crawl Stone Soup version 0.23-a0-767-gdc19b93d68 (webtiles) character file.

593 LLavrengius the Magician (level 7, -2/43 HPs)
             Began as an Octopode Transmuter on Jan 27, 2019.
             Slain by an orc wizard
             ... wielding a +0 dagger
              (4 damage)
             ... on level 5 of the Dungeon.
             The game lasted 00:12:57 (4367 turns).

LLavrengius the Magician (Octopode Transmuter)      Turns: 4367, Time: 00:12:58

Health: -2/43      AC:  1    Str: 10    XL:     7   Next: 39%
Magic:  15/15      EV: 19    Int: 17    God:
Gold:   149        SH:  0    Dex: 17    Spells: 10/16 levels left

rFire    . . .     SeeInvis .     - Unarmed
rCold    . . .     Gourm    .   (no shield)
rNeg     . . .     Faith    .   (helmet restricted)
rPois    .         Spirit   .   (no amulet)
rElec    .         Reflect  .   b - ring of protection from magic
rCorr    .         Harm     .   (no ring)
MR       +....                  (no ring)
Stlth    ++++......             (no ring)
HPRegen  0.14/turn              (no ring)
MPRegen  0.14/turn              (no ring)
                                (no ring)
                                (no ring)

@: agile, very slightly contaminated, hasted, very quick
A: almost no armour, stealthy swim, amphibious, 8 rings, constrict 8, camouflage
1, gelatinous body 1
a: no special abilities


You were on level 5 of the Dungeon.
You were very hungry.

You visited 1 branch of the dungeon, and saw 5 of its levels.

You collected 149 gold pieces.

Inventory:

Hand Weapons
 s - a +0 trident
 u - a +0 blowgun
Missiles
 a - 85 arrows
 o - 10 javelins (quivered)
 r - 8 tomahawks of returning
 v - 17 poisoned needles
Jewellery
 b - a ring of protection from magic (left tentacle)
 h - an uncursed amulet of guardian spirit
 w - an uncursed ring of protection from cold
Scrolls
 d - 2 scrolls of enchant weapon
 e - a scroll of immolation
 f - 5 scrolls of teleportation
 g - a scroll of identify
 m - a scroll of enchant armour
Potions
 l - a potion of brilliance
 n - a potion of cancellation
 p - 2 potions of might
 q - a potion of ambrosia
Comestibles
 c - 6 rations
 z - a chunk of flesh


   Skills:
 - Level 1.0 Fighting
 - Level 2.0 Dodging
 - Level 3.0 Unarmed Combat
 + Level 5.4 Spellcasting
 - Level 4.0 Transmutations
 - Level 4.4 Poison Magic


You had 10 spell levels left.
You knew the following spells:

 Your Spells              Type           Power        Failure   Level  Hunger
a - Beastly Appendage     Tmut           ###...       2%          1    None
b - Sticks to Snakes      Tmut           ###.....     4%          2    #......
c - Spider Form           Tmut/Pois      ###.......   7%          3    ##.....

Your spell library contained the following spells:

 Spells                   Type           Power        Failure   Level  Hunger
 Animate Skeleton         Necr           N/A          14%         1    None
 Apportation              Tloc           #.....       14%         1    None
 Confusing Touch          Hex            #.....       14%         1    None
 Summon Small Mammal      Summ           #...         14%         1    None
 Ice Form                 Ice/Tmut       ##......     52%         4    ####...
 Blade Hands              Tmut           ###.......   58%         5    ######.


Dungeon Overview and Level Annotations

Branches:
Dungeon (5/15)
 Temple: D:4-7

Altars:
Elyvilon
Trog
Xom

Annotations:
D:4 2 runed doors, PeterQ's ghost, amateur DsAs


Innate Abilities, Weirdness & Mutations

You cannot wear most types of armour.
You are very stealthy in the water. (Stealth+)
You are amphibious.
You can wear up to eight rings at the same time.
You can use your tentacles to constrict eight enemies at once.
Your skin changes colour to match your surroundings (Stealth+).
Your rubbery body absorbs attacks. (AC +1, EV +1)


Message History

The orc misses you.
You completely miss the orc wizard.
The orc wizard is lightly wounded.
You constrict the orc wizard.
The orc wizard hits you with a +0 dagger.
* * * LOW HITPOINT WARNING * * *
The orc misses you.
You tentacle-slap the orc wizard but do no damage.
The orc wizard is moderately wounded.
You constrict the orc wizard.
The orc wizard hits you with a +0 dagger.
* * * LOW HITPOINT WARNING * * *
It was a potion of agility.
You feel agile all of a sudden.
You constrict the orc wizard. The orc misses you.
The orc wizard hits you but does no damage.
It was a potion of haste.
You feel yourself speed up.
You constrict the orc wizard. The orc completely misses you.
The orc wizard hits you with a +0 dagger.
You die...

........##
...........##
............#
............#
.......<...<#
.......§§..(#
.......§.§§(#
......§.§..##
........@)##
#######o#.#
#o#...
#o##### #o #.
##


You could see an orc wizard and 3 orcs.

Vanquished Creatures
  A centaur (D:5)
  An ogre (D:4)
  3 howler monkeys (D:4)
  An orc priest (D:4)
  A bullfrog skeleton (D:4)
  2 orc wizards
  3 worker ants
  A howler monkey skeleton (D:4)
  5 adders (D:4)
  An ooze (D:2)
  A worm (D:2)
  2 dart slugs (D:1)
  3 leopard geckos
  6 orcs
  4 ball pythons
  4 bats
  4 giant cockroaches
  8 hobgoblins
  3 jackals (D:1)
  A quokka (D:2)
  5 frilled lizards
  7 goblins
  3 kobolds
  5 rats
75 creatures vanquished.

Notes
Turn   | Place    | Note
-------+----------+-------------------------------------------
     0 | D:1      | LLavrengius the Octopode Transmuter began the quest for the
                  | Orb.
     0 | D:1      | Reached XP level 1. HP: 13/13 MP: 3/3
   197 | D:1      | Reached XP level 2. HP: 18/18 MP: 5/5
   203 | D:1      | Learned a level 2 spell: Sticks to Snakes
   691 | D:1      | Reached XP level 3. HP: 23/23 MP: 6/6
   696 | D:1      | Learned a level 3 spell: Spider Form
  1033 | D:2      | Found a white marble altar of Elyvilon.
  1172 | D:2      | Reached skill level 1 in Poison Magic
  1564 | D:2      | Reached XP level 4. HP: 28/28 MP: 8/8
  2674 | D:4      | Noticed a phantom
  2724 | D:3      | Reached skill level 3 in Spellcasting
  2724 | D:3      | Reached XP level 5. HP: 10/33 MP: 7/9
  3148 | D:4      | Found a bloodstained altar of Trog.
  3149 | D:4      | Found a large runed door.
  3149 | D:4      | Found a large runed door.
  3150 | D:4      | Noticed PeterQ's ghost (amateur DsAs)
  3451 | D:4      | Noticed an ogre
  3475 | D:4      | Killed an ogre
  3475 | D:4      | Reached XP level 6. HP: 28/38 MP: 8/11
  3495 | D:4      | Reached skill level 4 in Spellcasting
  3986 | D:4      | Found a shimmering altar of Xom.
  4110 | D:4      | Reached XP level 7. HP: 34/43 MP: 10/13
  4227 | D:4      | Reached skill level 5 in Spellcasting
  4309 | D:5      | Entered Level 5 of the Dungeon
  4365 | D:5      | HP: 2/43 [orc wizard/+0 dagger (2)]
  4367 | D:5      | Slain by an orc wizard

Vault maps used:
D:1:      dpeg_arrival_brainrot, grunt_decor_arrowhead,
          chequers_decorated_corner
D:2:      palyth_stone_intersect, elyvilon_altar_5
D:3:      nrook_loot_triangle
D:4:      cheibrodos_barr_body, lemuel_round_altar, lemuel_round_altar,
          first_ration, ebering_ghost_disaster_area
D:5:      demons_altar, enter_ossuary_2

Skill      XL: |  1  2  3  4  5  6  7 |
---------------+----------------------+-----
Transmutations | 3 4 |  4.0
Poison Magic   | 1 2 4 |  4.4
Spellcasting   | 3 4 5 |  5.4
Fighting       | |  1.0
Dodging        | |  2.0
Unarmed Combat | |  3.0

Action                   |  1- 3 |  4- 6 |  7- 9 || total
-------------------------+-------+-------+-------++-------
Melee: Unarmed           |    93 |    98 |    28 ||   219
       Constrict         |    25 |    15 |     4 ||    44
       Tentacles         |    15 |     9 |     4 ||    28
       Punch             |     2 |     2 |       ||     4
       Kick              |       |     1 |     2 ||     3
 Cast: Spider Form       |       |     6 |     1 ||     7
       Beastly Appendage |       |     1 |     3 ||     4
  Use: Scroll            |       |     3 |     9 ||    12
       Potion            |       |       |     2 ||     2
 Stab: Sleeping          |     6 |     4 |       ||    10
       Distracted        |       |     1 |       ||     1
  Eat: Chunk             |     2 |     4 |     1 ||     7
       Ration            |       |     1 |       ||     1
Armor: Skin              |     6 |     6 |     3 ||    15
Dodge: Dodged            |    62 |    60 |    31 ||   153

Table legend:
 A = Non-vault XP
 B = Vault XP
 C = Vault XP percentage of total XP
 D = Non-vault monster count
 E = Vault monster count
 F = Vault count percentage of total count
                 A         B        C        D         E       F
            +---------+---------+-------+---------+---------+-------
      Total |     706 |     142 |  16.7 |      67 |       8 |  10.7
            +---------+---------+-------+---------+---------+-------
        D:1 |      35 |       2 |   5.4 |      20 |       1 |   4.8
        D:2 |      46 |       0 |   0.0 |      20 |       0 |   0.0
        D:3 |      83 |       0 |   0.0 |       7 |       0 |   0.0
        D:4 |     424 |     140 |  24.8 |      17 |       7 |  29.2
        D:5 |     118 |       0 |   0.0 |       3 |       0 |   0.0
            +---------+---------+-------+---------+---------+-------
